 Dungeon Crawl Stone Soup version 0.13-a0-2557-g7ea0453 (webtiles) character file.

24302 Psiweapon the Fighter (level 13, -4/132 HPs)
             Began as an Ogre Hunter on July 29, 2013.
             Was a High Priest of Okawaru.
             Slain by a blink frog (10 damage)
             ... on Level 5 of the Lair of Beasts.
             The game lasted 01:50:21 (21643 turns).

Psiweapon the Fighter (Ogre Hunter)                Turns: 21643, Time: 01:50:21

HP  -4/132       AC 10     Str 25      XL: 13   Next:  7%
MP  14/28        EV 13     Int 12      God: Okawaru [*****.]
Gold 683         SH  0     Dex  9      Spells:  5 memorised, 19 levels left

Res.Fire  : + . .   See Invis. : +   t - +0 giant spiked club (crush)
Res.Cold  : . . .   Warding    : .   d - +0 animal skin
Life Prot.: . . .   Conserve   : .   (shield restricted)
Res.Poison: .       Res.Corr.  : .   g - +1 wizard hat {Int+3}
Res.Elec. : .       Clarity    : .   J - +0 elf cloak
Sust.Abil.: . .     Spirit.Shd : .   (gloves unavailable)
Res.Mut.  : .       Stasis     : .   (boots unavailable)
Res.Rott. : .       Flight     : .   q - amulet of rage
Saprovore : + . .                    W - ring of Gofufoghua {MR SInv}
                                     G - ring of protection from fire

@: icy armour, regenerating, very slightly contaminated, finesse, very resistant
to hostile enchantments, fairly stealthy
A: unfitting armour, horns 1, fast metabolism 1, saprovore 1, spit poison 1,
tough skin 1, Str +1, Int -1, Dex -1
a: Spit Poison, Heroism, Finesse, Renounce Religion, Stop Singing, Evoke Berserk
Rage


You were on level 5 of the Lair of Beasts.
You worshipped Okawaru.
Okawaru was exalted by your worship.
You were not hungry.

You visited 3 branches of the dungeon, and saw 19 of its levels.
You also visited: Labyrinth.

You collected 843 gold pieces.
You spent 180 gold pieces at shops.

Inventory:

Hand weapons
 a - a +5 blowgun
 j - a +1,+1 anti-magic spear
 r - a +2,+0 great mace of protection
 s - a cursed +2,+0 whip of flaming
 t - a +0,+0 giant spiked club of crushing (weapon)
Missiles
 b - 5 large rocks (quivered)
 u - 7 needles of slowing
 K - 6 curare-tipped needles
Armour
 d - a +0 animal skin (worn)
 g - a +1 wizard hat of intelligence (worn)
 J - a +0 elven cloak (worn)
Magical devices
 h - a wand of fireball (3)
 l - a wand of disintegration (11) {unknown}
 o - a wand of fire (2)
 D - a wand of paralysis (9)
 N - a wand of random effects (16)
 U - a wand of confusion (8)
 V - a wand of polymorph (7)
 Y - a wand of random effects (15)
 Z - a wand of magic darts (9)
Comestibles
 f - 7 meat rations
 L - 11 bread rations
Scrolls
 c - 2 scrolls of curse armour {unknown}
 n - a scroll of fear
 w - 2 scrolls of enchant armour
 y - 4 scrolls of remove curse
 A - 3 scrolls of teleportation
 O - 2 scrolls of blinking
 R - 2 scrolls of immolation
 T - 4 scrolls of fog
 X - 3 scrolls of amnesia
Jewellery
 i - the amulet of Cekugob {Ward -Tele Hunger rElec rPois rN+ AC+1 EV+1}
   (You found it in a labyrinth)

   [amulet of warding]

   It affects your AC (+1).
   It affects your evasion (+1).
   It insulates you from electricity.
   It protects you from poison.
   It protects you from negative energy.
   It prevents most forms of teleportation.
   It speeds your metabolism.
 q - an amulet of rage (around neck)
 x - an uncursed amulet of clarity
 G - a ring of protection from fire (left hand)
 H - an uncursed ring of sustain abilities
 W - the ring of Gofufoghua (right hand) {MR SInv}
   (You found it on level 10 of the Dungeon)

   [ring of protection from magic]

   It enhances your eyesight.
Potions
 e - a potion of invisibility
 k - 2 potions of magic
 v - 2 potions of brilliance
 z - a potion of speed {unknown}
 B - 6 potions of curing
 C - 3 potions of restore abilities
 E - 2 potions of poison {unknown}
 I - 2 potions of might
 M - 2 potions of berserk rage {unknown}
Books
 p - a book of Frost

   Spells                             Type                      Level
   *Freeze                            Ice                          1
   Throw Frost                        Conjuration/Ice              2
   *Ozocubu's Armour                  Charms/Ice                   3
   Throw Icicle                       Conjuration/Ice              4
   Summon Ice Beast                   Ice/Summoning                4
   Condensation Shield                Ice                          4
 F - a book of Battle

   Spells                             Type                      Level
   *Infusion                          Charms                       1
   Shroud of Golubria                 Charms/Translocation         2
   *Song of Slaying                   Charms                       2
   Spectral Weapon                    Hexes/Charms                 3
   *Regeneration                      Charms/Necromancy            3
   Song of Shielding                  Charms                       4
Magical staves
 m - an uncursed staff of power
Miscellaneous
 P - a plain deck of defence {Solitude, drawn: 1}
 S - a stone of tremors
Rods
 Q - a +7 rod of the swarm (10/10)
   (You found it in a labyrinth)


   Skills:
 - Level 12.8 Fighting
 - Level 10.4 Maces & Flails
 - Level 5.0 Throwing
 + Level 9.8 Dodging
 - Level 0.7 Stealth
 + Level 8.9 Spellcasting
 + Level 5.1 Charms
 - Level 3.6 Ice Magic
 - Level 8.5 Invocations


You had 19 spell levels left.
You knew the following spells:

 Your Spells              Type           Power        Failure   Level  Hunger
a - Freeze                Ice            ##..         3%          1    None
b - Infusion              Chrm           ###...       1%          1    None
c - Song of Slaying       Chrm           ###.......   2%          2    None
d - Ozocubu's Armour      Chrm/Ice       ###.......   10%         3    ##.....
e - Regeneration          Chrm/Necr      ##........   17%         3    ##.....


Dungeon Overview and Level Annotations

Branches:
Dungeon (12/27)            Temple (1/1) D:5             Orc (0/4) D:10
   Lair (6/8) D:8
  Swamp: Lair:3-6    Shoals: Lair:3-6     Snake: Lair:3-6    Spider: Lair:3-6
  Slime: Lair:6-8

Altars:
Ashenzari
Cheibriados
Elyvilon
Fedhas
Kikubaaqudgha
Makhleb
Nemelex Xobeh
Okawaru
Sif Muna
Trog
Vehumet
Xom
Yredelemnul
Zin
the Shining One

Shops:
D:6: *

Portals:
Ziggurat: D:11 (6580 gp)


Innate Abilities, Weirdness & Mutations

You are too large for most types of armour.
You have a fast metabolism.
You can tolerate rotten meat.
You have tough skin (AC +1).
You have a pair of small horns on your head.
You are dopey (Int -1).
You can spit poison.
Your muscles are strong, but stiff (Str +1, Dex -1).


Message History

Blink to where?
Press: ? - help, Dir - move target cursor
As you read the scroll of blinking, it crumbles to dust.
Found a scroll of amnesia and a runed mace.
Casting: Infusion
Confirm with . or Enter, or press ? or * to list all spells.
Your skin crawls.
Casting: Regeneration
Confirm with . or Enter, or press ? or * to list all spells.
A film of ice covers your body!
The blink frog blinks!
The blink frog blinks!
The blink frog hits you!
* * * LOW HITPOINT WARNING * * *
You sock the blink frog! You headbutt the blink frog.
You kill the blink frog!
Okawaru accepts your kill.
The blink frog blinks!
You bludgeon the blink frog!! Your headbutt misses the blink frog.
The blink frog is almost dead.
The blink frog hits you!
You die...

. ..?. .....
#.....
#).....
#.....
##...§.#
#......###
#......@f#
#.....%fF#
#....F.#.#.
##......F..
#...§.......
#...........
#P...........
#...........
##..........


You could see 3 blink frogs.

Vanquished Creatures
  Maud (Lair:3)
  Gastronok (D:10)
  A minotaur (Lab)
  3 hydras (Lair:4)
  The ghost of Somebody the Thaumaturge, a powerful DENe of Kikubaaqudgha (Lair:2)
  Erolcha (D:10)
  A catoblepas (Lair:3)
  A hill giant (D:10)
  Pikel (D:4)
  2 black mambas
  4 spiny frogs
  3 komodo dragons
  3 fire drakes
  A hydra zombie (D:9)
  A two-headed ogre (D:10)
  Prince Ribbit (D:7)
  A troll (D:9)
  A blink frog (Lair:5)
  3 basilisks
  A wraith (D:10)
  A yak (Lair:1)
  Eustachio (D:5)
  2 hungry ghosts
  9 hippogriffs
  Menkaure (D:5)
  2 manticores
  3 necrophages
  5 porcupines
  4 sky beasts
  A yellow wasp (D:9)
  4 black bears
  5 orc warriors
  7 centaurs
  9 ogres
  3 phantoms
  2 ice beasts (D:7)
  A slave (D:4)
  7 crocodiles
  Sigmund (D:7)
  3 giant frogs
  3 water moccasins
  7 giant slugs
  A big kobold (D:9)
  Blork the orc (D:5)
  A manticore zombie (D:9)
  A wyvern zombie (D:7)
  4 agate snails
  3 killer bees (D:10)
  7 wights
  Duvessa (D:7)
  11 hounds
  Dowan (D:7)
  6 crimson imps
  2 goliath beetles
  5 orc priests
  16 orc wizards
  9 worker ants
  11 iguanas
  A killer bee zombie (D:9)
  3 jellies
  An ogre skeleton (D:7)
  Terence (D:2)
  2 mummies
  2 green rats (D:5)
  4 giant centipedes
  9 gnolls
  A lemure (D:5)
  17 adders
  5 giant mites
  3 worms
  2 ufetubi (D:5)
  An iguana skeleton (D:7)
  An iguana zombie (D:8)
  2 scorpion zombies
  4 giant eyeballs
  3 giant geckos
  52 orcs
  22 bats
  10 goblins
  16 hobgoblins
  17 jackals
  19 kobolds
  13 quokkas
  6 giant cockroaches
  3 giant newts
  A hobgoblin skeleton (D:5)
  A hobgoblin zombie (D:7)
  A kobold skeleton (D:6)
  An orc skeleton (D:5)
  A quokka skeleton (D:6)
  16 rats
  2 rat zombies (D:5)
  A plant (Lair:3)
437 creatures vanquished.

Vanquished Creatures (collateral kills)
  3 yaks (Lair:1)
3 creatures vanquished.

Vanquished Creatures (others)
  A slave (D:4)
  An ogre (D:4)
  2 worker ants
  2 green rats (Lair:1)
  A ball python (D:4)
  A quokka (D:4)
  A bat (D:4)
  2 rats
11 creatures vanquished.

Grand Total: 451 creatures vanquished

Notes
Turn   | Place    | Note
--------------------------------------------------------------
     0 | D:1      | Psiweapon, the Ogre Hunter, began the quest for the Orb.
     0 | D:1      | Reached XP level 1. HP: 20/20 MP: 0/0
   486 | D:1      | Reached XP level 2. HP: 25/28 MP: 1/1
   688 | D:1      | Reached skill level 5 in Throwing
   997 | D:1      | Reached XP level 3. HP: 30/35 MP: 2/2
  1426 | D:2      | Noticed Terence
  1430 | D:2      | Killed Terence
  1550 | D:2      | Reached XP level 4. HP: 41/44 MP: 3/3
  1813 | D:3      | Noticed a sky beast
  1828 | D:2      | Killed a sky beast
  1828 | D:2      | Reached skill level 6 in Maces & Flails
  1828 | D:2      | Reached XP level 5. HP: 34/50 MP: 4/4
  2497 | D:3      | Reached XP level 6. HP: 58/58 MP: 5/5
  2499 | D:3      | Reached skill level 7 in Maces & Flails
  2892 | D:5      | Entered Level 5 of the Dungeon
  3059 | D:4      | Noticed Pikel
  3059 | D:4      | Noticed a slave
  3059 | D:4      | Noticed a slave
  3059 | D:4      | Noticed a slave
  3059 | D:4      | Noticed a slave
  3978 | D:4      | Killed a slave
  3984 | D:4      | Killed Pikel
  3984 | D:4      | Reached skill level 9 in Maces & Flails
  3984 | D:4      | Reached XP level 7. HP: 26/66 MP: 6/6
  4042 | D:4      | Killed a freed slave
  4065 | D:4      | Reached XP level 8. HP: 52/74 MP: 7/7
  4201 | D:4      | Killed an ogre
  4703 | D:5      | Found a staircase to the Ecumenical Temple.
  4708 | Temple   | Entered the Ecumenical Temple
  4959 | D:5      | Noticed Menkaure
  4978 | D:5      | Noticed Eustachio
  5029 | D:5      | Killed Menkaure
  5029 | D:5      | Reached skill level 5 in Dodging
  5036 | D:5      | Killed Eustachio
  5036 | D:5      | Reached skill level 10 in Maces & Flails
  5253 | D:5      | Found a shimmering altar of Xom.
  5253 | D:5      | Found an iron altar of Okawaru.
  5258 | D:5      | Found a deep blue altar of Sif Muna.
  5263 | D:5      | Became a worshipper of Warmaster Okawaru
  5290 | D:5      | Found a basalt altar of Yredelemnul.
  5629 | D:5      | Noticed Blork the orc
  5636 | D:5      | Killed Blork the orc
  5948 | D:5      | Reached skill level 5 in Fighting
  6038 | D:5      | Found a snail-covered altar of Cheibriados.
  6489 | D:6      | Found Jyag's Assorted Antiques.
  6497 | D:6      | Bought a potion of curing for 72 gold pieces
  6497 | D:6      | Bought a potion of heal wounds for 108 gold pieces
  6579 | D:6      | Reached XP level 9. HP: 83/85 MP: 8/8
  6716 | D:6      | Found a radiant altar of Vehumet.
  6756 | D:6      | Found a sparkling altar of Nemelex Xobeh.
  7013 | D:6      | Acquired Okawaru's first power
  7834 | D:7      | Reached skill level 1 in Invocations
  7855 | D:7      | Noticed Sigmund
  7859 | D:7      | Killed Sigmund
  8118 | D:7      | Noticed Prince Ribbit
  8138 | D:7      | Killed Prince Ribbit
  8455 | D:7      | Reached skill level 10 in Fighting
  8690 | D:7      | Noticed Duvessa
  8692 | D:7      | Noticed Dowan
  8702 | D:7      | Killed Duvessa
  8708 | D:7      | Killed Dowan
  8969 | D:7      | Reached skill level 5 in Invocations
  9264 | D:7      | Reached XP level 10. HP: 13/102 MP: 14/17
  9680 | D:8      | Reached skill level 11 in Fighting
  9950 | D:8      | Found a staircase to the Lair.
 10889 | D:8      | Found a bloodstained altar of Trog.
 11194 | D:9      | Reached skill level 12 in Fighting
 11201 | D:9      | Gained mutation: You have a pair of small horns on your head. [mutagenic meat]
 11202 | D:9      | Gained mutation: You digest meat inefficiently. [mutagenic meat]
 11782 | D:9      | Gained mutation: Your muscles are strong, but stiff (Str +1, Dex -1). [mutagenic meat]
 11783 | D:9      | Gained mutation: You can spit poison. [mutagenic meat]
 11784 | D:9      | Gained mutation: You are dopey (Int -1). [mutagenic meat]
 12170 | D:10     | Entered Level 10 of the Dungeon
 12315 | D:10     | Reached XP level 11. HP: 93/114 MP: 22/22
 12329 | D:10     | Learned a level 1 spell: Freeze
 12435 | D:10     | Reached skill level 1 in Spellcasting
 12435 | D:10     | Reached skill level 1 in Ice Magic
 12790 | D:10     | Noticed a hill giant
 12799 | D:10     | Killed a hill giant
 12847 | D:10     | Got a twitching marble ring
 12876 | D:10     | Noticed Gastronok
 12895 | D:10     | Killed Gastronok
 12895 | D:10     | Acquired Okawaru's second power
 13161 | D:10     | Found a radiant altar of Vehumet.
 13195 | D:10     | Noticed Erolcha
 13220 | D:10     | Killed Erolcha
 13905 | D:10     | Found a staircase to the Orcish Mines.
 14032 | D:11     | Noticed an angel
 14035 | D:11     | Found a gateway to a ziggurat.
 14115 | D:12     | Found a labyrinth entrance.
 14125 | Lab      | Entered a labyrinth
 14481 | Lab      | Noticed a minotaur
 14489 | Lab      | HP: 3/114 [minotaur (3)]
 14912 | Lab      | Killed a minotaur
 15311 | Lab      | Identified a +7 rod of the swarm (10/10) (You found it in a labyrinth)
 15453 | D:11     | Learned a level 1 spell: Infusion
 15456 | D:11     | Learned a level 2 spell: Song of Slaying
 15460 | D:11     | Learned a level 3 spell: Ozocubu's Armour
 15464 | D:11     | Learned a level 3 spell: Regeneration
 15549 | D:11     | Reached skill level 5 in Spellcasting
 15584 | D:11     | Lost mutation: You digest meat inefficiently. [mutagenic meat]
 16170 | Lair:1   | Entered Level 1 of the Lair of Beasts
 16477 | Lair:1   | Reached skill level 1 in Charms
 16502 | Lair:1   | Identified the ring of Gofufoghua {MR SInv} (You found it on level 10 of the Dungeon)
 16523 | Lair:2   | Noticed Somebody's ghost (powerful DENe)
 16573 | Lair:1   | Received a gift from Okawaru
 16576 | Lair:1   | Got a heavily runed shield {god gift}
 16708 | Lair:1   | HP: 2/114 [yak (11)]
 17138 | Lair:1   | Reached XP level 12. HP: 124/124 MP: 23/23
 17159 | Lair:1   | Identified the +0 shield "Ubeusoji" {rC++ Acc+4 SInv} (Okawaru gifted it to you on level 1 of the Lair of Beasts)
 17935 | Lair:2   | Found a glowing silver altar of Zin.
 18289 | Lair:2   | Killed Somebody's ghost
 18871 | Lair:3   | Noticed Maud
 18885 | Lair:3   | Killed Maud
 20372 | Lair:4   | Noticed a six-headed hydra
 20385 | Lair:4   | HP: 4/124 [six-headed hydra (14)]
 20386 | Lair:4   | HP: 1/124 [six-headed hydra (12)]
 20394 | Lair:4   | Killed a six-headed hydra
 20740 | Lair:4   | Noticed a six-headed hydra
 20748 | Lair:4   | Killed a six-headed hydra
 21424 | Lair:4   | Noticed a seven-headed hydra
 21433 | Lair:4   | Killed a seven-headed hydra
 21433 | Lair:4   | Reached XP level 13. HP: 89/132 MP: 13/28
 21488 | Lair:5   | Reached skill level 5 in Charms
 21641 | Lair:5   | HP: 4/132 [blink frog (8)]
 21643 | Lair:5   | Slain by a blink frog

Action                   |  1- 3 |  4- 6 |  7- 9 | 10-12 | 13-15 || total
-------------------------+-------+-------+-------+-------+-------++-------
Melee: Club              |   127 |    67 |       |       |       ||   194
       Mace              |       |    66 |       |       |       ||    66
       Flail             |       |    13 |     5 |       |       ||    18
       Giant club        |       |       |   262 |    45 |       ||   307
       Great mace        |       |       |       |   335 |       ||   335
       Giant spiked club |       |       |       |   274 |    13 ||   287
 Fire: Blowgun           |       |       |     3 |     2 |       ||     5
Throw: Dart              |    16 |       |     1 |       |       ||    17
       Large rock        |     4 |    17 |    49 |    69 |       ||   139
       Throwing net      |     3 |       |       |     1 |       ||     4
       Dagger            |       |     3 |     1 |     4 |       ||     8
       Spear             |       |       |     7 |     4 |       ||    11
 Cast: Infusion          |       |       |       |    12 |     1 ||    13
       Ozocubu's Armour  |       |       |       |     6 |     1 ||     7
       Song of Slaying   |       |       |       |     5 |     1 ||     6
       Regeneration      |       |       |       |     3 |     1 ||     4
       Freeze            |       |       |       |     1 |       ||     1
Invok: Heroism           |       |       |     3 |    11 |       ||    14
       Finesse           |       |       |       |     3 |     1 ||     4
Evoke: Wand              |       |     6 |     6 |    18 |     2 ||    32
       Rod               |       |       |       |     2 |       ||     2
       Deck              |       |       |       |     1 |       ||     1
  Use: Scroll            |       |     3 |    10 |    17 |     1 ||    31
       Potion            |       |       |     4 |     9 |       ||    13
 Stab: Sleeping          |       |       |     3 |     8 |       ||    11
       Confused          |       |       |     1 |       |       ||     1
